 Dungeon Crawl Stone Soup version 0.23.0 (webtiles) character file.

Game seed: 11134539344122290699

42 Murks the Insei (level 3, -23/26 HPs)
             Began as a Merfolk Transmuter on Feb 14, 2019.
             Annihilated by Sigmund
             ... wielding a +0 scythe
              (24 damage)
             ... on level 2 of the Dungeon.
             The game lasted 00:06:27 (1066 turns).

Murks the Insei (Merfolk Transmuter)                Turns: 1066, Time: 00:06:28

Health: -23/26     AC:  2    Str: 10    XL:     3   Next: 56%
Magic:  5/6        EV: 13    Int: 13    God:
Gold:   60         SH:  0    Dex: 14    Spells: 2/6 levels left

rFire    . . .     SeeInvis .     - Unarmed
rCold    . . .     Gourm    .   (no shield)
rNeg     . . .     Faith    .   b - +0 robe
rPois    .         Spirit   .   (no helmet)
rElec    .         Reflect  .   (no cloak)
rCorr    .         Harm     .   (no gloves)
MR       .....                  (no boots)
Stlth    +.........             (no amulet)
HPRegen  0.08/turn              (no ring)
MPRegen  0.10/turn              (no ring)

@: lethally poisoned (-23 -> -32), appendage
A: change form in water, swift swim, stealthy swim, horns 2
a: End Transformation


You were on level 2 of the Dungeon.
You were hungry.
You had grown temporary horns.
You visited 1 branch of the dungeon, and saw 2 of its levels.

You collected 60 gold pieces.

Inventory:

Hand Weapons
 g - a +0 hunting sling
Missiles
 a - 40 arrows
 c - 24 stones (quivered)
Armour
 b - a +0 robe (worn)
Scrolls
 e - a scroll of fear {unknown}
 i - a scroll of enchant armour {unknown}
 l - a scroll of teleportation {unknown}
Potions
 h - a potion of invisibility {unknown}
 j - a potion of curing {unknown}
 k - a potion of heal wounds {unknown}
Comestibles
 d - 4 rations
 f - 2 chunks of flesh


   Skills:
 - Level 1.1 Fighting
 - Level 2.6 Dodging
 - Level 4.6 Unarmed Combat
 - Level 2.0 Spellcasting
 + Level 3.0 Transmutations
 + Level 0.6 Poison Magic


You had 2 spell levels left.
You knew the following spells:

 Your Spells              Type           Power        Failure   Level  Hunger
a - Beastly Appendage     Tmut           #.....       8%          1    ##.....
b - Spider Form           Tmut/Pois      #.........   34%         3    ####...

Your spell library contained the following spells:

 Spells                   Type           Power        Failure   Level  Hunger
 Sticks to Snakes         Tmut           #.......     11%         2    ###....
 Ice Form                 Ice/Tmut       #.......     80%         4    #####..
 Blade Hands              Tmut           #.........   90%         5    ######.


Dungeon Overview and Level Annotations

Branches:
Dungeon (2/15)

Altars:

Annotations:
D:2 Sigmund


Innate Abilities, Weirdness & Mutations

You revert to your normal form in water You are very nimble and swift while swimming.
You are very stealthy in the water. (Stealth+)
You have a pair of horns on your head.


Message History

Sigmund flickers and vanishes!
Deactivating autopickup; reactivate with Ctrl-A.
You feel sick. The adder bites you.
You are feeling hungry.
You feel sick.
Casting: Beastly Appendage (safe; 8% risk of failure)
Confirm with . or Enter, or press ? or * to list all spells.
You grow a pair of large bovine horns.
The adder misses you. The adder bites you.
You miss the adder. The adder barely misses you.
You closely miss the adder. Your punch misses the adder.
You feel sick. The adder bites you.
* * * LOW HITPOINT WARNING * * *
You barely miss the adder. The adder bites you.
* * * LOW HITPOINT WARNING * * *
You are more poisoned.
The adder poisons you! Something hits you!!
Ouch! That really hurt!
You die...

#.# ...... #.#
......#####.## #.#
#.......# #.# #.####..#
#.# #{#
####.############.#
#...............#.#
#.#############.#.####.#
#............@S{........#
#..#.#.#..###############
##........#
#.#.#.#..#####
#............#
#####.#.#.#.###....#
....)...............
#####........#...... .#
#†.##.#.## .....


You could see an adder.

Vanquished Creatures
  2 dart slugs (D:1)
  A leopard gecko (D:2)
  3 bats (D:1)
  2 giant cockroaches (D:1)
  5 goblins (D:1)
  3 hobgoblins (D:1)
  6 jackals (D:1)
  5 kobolds
  5 rats
32 creatures vanquished.

Notes
Turn   | Place    | Note
-------+----------+-------------------------------------------
     0 | D:1      | Murks the Merfolk Transmuter began the quest for the Orb.
     0 | D:1      | Reached XP level 1. HP: 15/15 MP: 3/3
    96 | D:1      | Reached XP level 2. HP: 21/21 MP: 5/5
   105 | D:1      | Reached skill level 4 in Unarmed Combat
   434 | D:1      | Reached XP level 3. HP: 26/26 MP: 6/6
   488 | D:1      | Learned a level 3 spell: Spider Form
  1047 | D:2      | Noticed Sigmund
  1066 | D:2      | HP: 1/26 [adder (3)]
  1066 | D:2      | Annihilated by Sigmund

Skill      XL: |  1  2  3 |
---------------+----------+-----
Unarmed Combat | 4 |  4.6
Transmutations | 3 |  3.0
Fighting       | |  1.1
Dodging        | |  2.6
Spellcasting   | |  2.0
Poison Magic   | |  0.6

Action                   || total
-------------------------++-------
Melee: Unarmed           ||    20
       Headbutt          ||     4
 Fire: Hunting sling     ||    69
Throw: Stone             ||     3
 Cast: Beastly Appendage ||     6
Armor: Robe              ||    10
Dodge: Dodged            ||    42
